2632 views
Uploaded 2020-03-07 16:12:07
Game version 1.32.2
24:33 long 3on3 ladder game on (6)StranglethornVale
Saved by BEARAND
2632 views
Uploaded 2020-03-07 16:12:07
Game version 1.32.2
24:33 long 3on3 ladder game on (6)StranglethornVale


77 units @ 8.1k
/ 0.8k
133 buildings @ 11.4k
/ 6.2k



| Lesser Clarity Potion | 6 | 420 |
| Staff of Sanctuary | 3 | 750 |
| Potion of Healing | 3 | 450 |
| Scroll of Regeneration | 1 | 100 |
| Potion of Mana | 1 | 200 |
| Scroll of Town Portal | 1 | 350 |
| Boots of Speed | 2 | 500 |
| Staff of Teleportation | 1 | 150 |
| Potion of Invisibility | 1 | 100 |
| Healing Salve | 4 | 400 |
| Orb of Lightning | 2 | 750 |
| total: | 25 | 4170g |
| Peasant | 24 | 1800 | / | 0 |
| Priest | 2 | 270 | / | 20 |
| Dragonhawk Rider | 4 | 800 | / | 120 |
| total: | 30 | 2870g | / | 140w |
| Scout Tower | 61 | 1830 | / | 1220 |
| Arcane Tower | 4 | 280 | / | 200 |
| Guard Tower | 38 | 2660 | / | 1900 |
| Altar of Kings | 1 | 180 | / | 50 |
| Farm | 5 | 400 | / | 100 |
| Lumber Mill | 2 | 240 | / | 0 |
| Town Hall | 1 | 385 | / | 205 |
| Arcane Vault | 3 | 390 | / | 90 |
| Blacksmith | 1 | 140 | / | 60 |
| Barracks | 1 | 160 | / | 60 |
| Arcane Sanctum | 1 | 150 | / | 140 |
| Gryphon Aviary | 1 | 140 | / | 150 |
| Keep | 1 | 320 | / | 210 |
| Castle | 1 | 360 | / | 210 |
| total: | 77 | 4015g | / | 2075w |
| 0:01 | Peasant |
| 0:01 | Peasant |
| 0:08 | Altar of Kings |
| 0:18 | Farm |
| 0:19 | Peasant |
| 0:24 | Peasant |
| 0:37 | Peasant |
| 0:42 | Lumber Mill |
| 0:49 | Lumber Mill |
| 0:50 | Peasant |
| 1:13 | Scout Tower |
| 1:14 | Peasant |
| 1:37 | Farm |
| 1:44 | Scout Tower |
| 1:51 | Peasant |
| 1:51 | Peasant |
| 1:51 | Peasant |
| 1:53 | Arcane Tower |
| 1:54 | Scout Tower |
| 1:58 | Peasant |
| 2:06 | Blizzard |
| 2:14 | Arcane Tower |
| 2:15 | Scout Tower |
| 2:18 | Peasant |
| 2:25 | Guard Tower |
| 2:26 | Scout Tower |
| 2:27 | Scout Tower |
| 2:28 | Peasant |
| 2:54 | Guard Tower |
| 2:54 | Scout Tower |
| 3:01 | Guard Tower |
| 3:02 | Peasant |
| 3:03 | Peasant |
| 3:07 | Scout Tower |
| 3:08 | Scout Tower |
| 3:10 | Scout Tower |
| 3:45 | Keep |
| 3:47 | Guard Tower |
| 3:48 | Scout Tower |
| 4:02 | Boots of Speed |
| 4:14 | Farm |
| 4:15 | Farm |
| 4:23 | Healing Salve |
| 4:34 | Guard Tower |
| 4:35 | Guard Tower |
| 4:41 | Guard Tower |
| 4:42 | Scout Tower |
| 4:44 | Scout Tower |
| 4:47 | Scout Tower |
| 4:47 | Scout Tower |
| 5:37 | Guard Tower |
| 5:39 | Scout Tower |
| 5:39 | Scout Tower |
| 5:42 | Guard Tower |
| 5:43 | Scout Tower |
| 5:44 | Scout Tower |
| 5:46 | Scout Tower |
| 5:46 | Scout Tower |
| 5:51 | Healing Salve |
| 6:13 | Guard Tower |
| 7:13 | Castle |
| 7:37 | Guard Tower |
| 7:50 | Improved Masonry |
| 7:52 | Scout Tower |
| 7:53 | Scout Tower |
| 7:54 | Scout Tower |
| 7:54 | Scout Tower |
| 7:57 | Guard Tower |
| 8:11 | Storm Bolt |
| 8:19 | Guard Tower |
| 8:51 | Brilliance Aura |
| 10:02 | Arcane Tower |
| 10:02 | Guard Tower |
| 10:02 | Guard Tower |
| 10:02 | Guard Tower |
| 10:05 | Improved Lumber Harvesting |
| 10:05 | Advanced Masonry |
| 10:07 | Healing Salve |
| 10:09 | Orb of Lightning |
| 10:14 | Lesser Clarity Potion |
| 10:14 | Lesser Clarity Potion |
| 10:34 | Bash |
| 11:02 | Scout Tower |
| 11:03 | Scout Tower |
| 11:04 | Scout Tower |
| 11:04 | Scout Tower |
| 11:07 | Scout Tower |
| 11:08 | Scout Tower |
| 11:10 | Town Hall |
| 11:13 | Scout Tower |
| 11:14 | Scout Tower |
| 11:14 | Scout Tower |
| 11:15 | Scout Tower |
| 11:42 | Boots of Speed |
| 11:59 | Guard Tower |
| 12:02 | Guard Tower |
| 12:15 | Arcane Tower |
| 12:17 | Scout Tower |
| 12:17 | Scout Tower |
| 12:18 | Scout Tower |
| 12:21 | Guard Tower |
| 12:23 | Arcane Vault |
| 12:27 | Arcane Vault |
| 12:31 | Arcane Vault |
| 12:35 | Scout Tower |
| 12:36 | Scout Tower |
| 12:37 | Scout Tower |
| 12:37 | Scout Tower |
| 12:52 | Staff of Teleportation |
| 12:57 | Guard Tower |
| 12:58 | Guard Tower |
| 13:03 | Potion of Invisibility |
| 13:24 | Guard Tower |
| 13:27 | Imbued Masonry |
| 13:55 | Arcane Sanctum |
| 14:05 | Scout Tower |
| 14:06 | Scout Tower |
| 14:12 | Staff of Sanctuary |
| 14:18 | Scout Tower |
| 14:18 | Scout Tower |
| 14:24 | Guard Tower |
| 14:38 | Holy Light |
| 14:41 | Potion of Healing |
| 15:03 | Guard Tower |
| 15:20 | Potion of Healing |
| 15:20 | Potion of Healing |
| 15:44 | Blizzard |
| 15:56 | Scroll of Regeneration |
| 15:57 | Lesser Clarity Potion |
| 16:06 | Guard Tower |
| 16:15 | Priest |
| 16:15 | Magic Sentry |
| 16:15 | Priest |
| 16:22 | Staff of Sanctuary |
| 16:32 | Lesser Clarity Potion |
| 16:33 | Potion of Mana |
| 16:37 | Guard Tower |
| 16:39 | Scout Tower |
| 16:39 | Scout Tower |
| 16:40 | Scout Tower |
| 16:40 | Scout Tower |
| 16:59 | Guard Tower |
| 17:03 | Peasant |
| 17:03 | Peasant |
| 18:00 | Orb of Lightning |
| 18:00 | Lesser Clarity Potion |
| 18:02 | Lesser Clarity Potion |
| 18:06 | Healing Salve |
| 18:29 | Guard Tower |
| 18:32 | Gryphon Aviary |
| 18:33 | Blacksmith |
| 18:34 | Barracks |
| 18:40 | Scout Tower |
| 18:41 | Scout Tower |
| 18:41 | Scout Tower |
| 18:42 | Scout Tower |
| 18:46 | Scout Tower |
| 18:49 | Advanced Lumber Harvesting |
| 19:02 | Staff of Sanctuary |
| 19:13 | Guard Tower |
| 19:44 | Divine Shield |
| 19:45 | Peasant |
| 19:45 | Peasant |
| 19:46 | Peasant |
| 19:46 | Guard Tower |
| 19:50 | Peasant |
| 19:50 | Peasant |
| 19:50 | Peasant |
| 19:50 | Peasant |
| 20:10 | Farm |
| 20:27 | Dragonhawk Rider |
| 20:28 | Dragonhawk Rider |
| 20:28 | Dragonhawk Rider |
| 20:35 | Guard Tower |
| 20:38 | Scout Tower |
| 20:39 | Scout Tower |
| 20:46 | Scroll of Town Portal |
| 20:59 | Dragonhawk Rider |
| 21:02 | Iron Forged Swords |
| 21:02 | Studded Leather Armor |
| 21:12 | Storm Bolt |
| 21:53 | Brilliance Aura |
| 22:13 | Animal War Training |
| 22:16 | Cloud |
| 22:18 | Steel Forged Swords |
| 22:26 | Scout Tower |
| 22:27 | Scout Tower |
| 22:27 | Scout Tower |
| 22:28 | Scout Tower |
| 23:13 | Holy Light |
| Right click | 2563 |
| Select | 718 |
| Select group | 323 |
| Build/train/purchase | 221 |
| Use ability | 98 |
| Chat | 14 |
| Assign group | 12 |
| Misc. action | 10 |
| Item give/drop | 5 |
| Remove unit | 4 |
| Minimap ping | 4 |


| Healing Salve | 2 | 200 |
| Lesser Clarity Potion | 5 | 350 |
| Orb of Lightning | 1 | 375 |
| Potion of Mana | 1 | 200 |
| Staff of Teleportation | 2 | 300 |
| Boots of Speed | 2 | 500 |
| Circlet of Nobility | 2 | 350 |
| Staff of Sanctuary | 2 | 500 |
| total: | 17 | 2775g |
| Peon | 16 | 1200 | / | 0 |
| Troll Batrider | 13 | 2080 | / | 520 |
| total: | 29 | 3280g | / | 520w |
| Watch Tower | 33 | 3630 | / | 2640 |
| Altar of Storms | 1 | 180 | / | 50 |
| Orc Burrow | 3 | 480 | / | 120 |
| War Mill | 1 | 205 | / | 0 |
| Voodoo Lounge | 1 | 130 | / | 30 |
| Great Hall | 1 | 385 | / | 185 |
| Beastiary | 2 | 290 | / | 280 |
| Stronghold | 1 | 315 | / | 190 |
| Fortress | 1 | 325 | / | 190 |
| total: | 42 | 5300g | / | 3305w |
| 0:04 | Peon |
| 0:04 | Peon |
| 0:04 | Peon |
| 0:06 | Altar of Storms |
| 0:12 | Orc Burrow |
| 0:20 | Peon |
| 0:44 | War Mill |
| 0:50 | Peon |
| 1:03 | Peon |
| 1:21 | Peon |
| 1:21 | Peon |
| 1:28 | Peon |
| 1:37 | Peon |
| 1:42 | Peon |
| 2:02 | Voodoo Lounge |
| 2:08 | Watch Tower |
| 2:10 | Watch Tower |
| 2:16 | Orc Burrow |
| 2:19 | Wind Walk |
| 2:29 | Peon |
| 3:17 | Watch Tower |
| 3:20 | Watch Tower |
| 3:23 | Peon |
| 3:23 | Peon |
| 3:24 | Spiked Barricades |
| 4:00 | Peon |
| 4:00 | Peon |
| 4:23 | Watch Tower |
| 4:23 | Watch Tower |
| 4:30 | Stronghold |
| 4:55 | Staff of Teleportation |
| 4:55 | Boots of Speed |
| 5:01 | Circlet of Nobility |
| 5:11 | Healing Salve |
| 5:11 | Lesser Clarity Potion |
| 5:16 | Lesser Clarity Potion |
| 5:40 | Watch Tower |
| 5:41 | Watch Tower |
| 6:12 | Critical Strike |
| 7:21 | Fortress |
| 15:56 | Orb of Lightning |
| 16:05 | Watch Tower |
| 16:10 | Watch Tower |
| 16:20 | Beastiary |
| 16:21 | Beastiary |
| 16:24 | Orc Burrow |
| 16:40 | Great Hall |
| 16:43 | Hex |
| 16:56 | Wind Walk |
| 17:11 | Watch Tower |
| 17:53 | Healing Wave |
| 18:22 | Watch Tower |
| 18:23 | Watch Tower |
| 18:23 | Watch Tower |
| 18:27 | Reinforced Defenses |
| 18:33 | Troll Batrider |
| 18:33 | Troll Batrider |
| 18:33 | Troll Batrider |
| 18:33 | Troll Batrider |
| 18:36 | Liquid Fire |
| 18:36 | Troll Batrider |
| 18:36 | Troll Batrider |
| 18:38 | Steel Ranged Weapons |
| 18:39 | Steel Armor |
| 18:39 | Improved Spiked Barricades |
| 18:41 | Watch Tower |
| 18:41 | Watch Tower |
| 18:42 | Watch Tower |
| 18:42 | Watch Tower |
| 18:43 | Watch Tower |
| 18:43 | Watch Tower |
| 18:44 | Watch Tower |
| 18:44 | Watch Tower |
| 18:58 | Circlet of Nobility |
| 18:59 | Boots of Speed |
| 18:59 | Staff of Teleportation |
| 19:21 | Watch Tower |
| 19:44 | Watch Tower |
| 19:44 | Watch Tower |
| 19:45 | Watch Tower |
| 20:28 | Watch Tower |
| 20:35 | Troll Batrider |
| 20:36 | Thorium Ranged Weapons |
| 20:45 | Staff of Sanctuary |
| 20:48 | Healing Salve |
| 20:48 | Lesser Clarity Potion |
| 20:55 | Lesser Clarity Potion |
| 21:55 | Critical Strike |
| 22:28 | Healing Wave |
| 22:55 | Watch Tower |
| 22:57 | Troll Batrider |
| 22:57 | Troll Batrider |
| 22:57 | Troll Batrider |
| 22:57 | Troll Batrider |
| 22:57 | Troll Batrider |
| 22:58 | Troll Batrider |
| 23:01 | Watch Tower |
| 23:03 | Watch Tower |
| 23:03 | Watch Tower |
| 23:04 | Watch Tower |
| 23:11 | Watch Tower |
| 23:25 | Lesser Clarity Potion |
| 23:27 | Potion of Mana |
| 23:28 | Staff of Sanctuary |
| 24:25 | Arcanite Ranged Weapons |
| 24:26 | Thorium Armor |
| Right click | 1114 |
| Select group | 425 |
| Select | 129 |
| Build/train/purchase | 99 |
| Use ability | 45 |
| Chat | 21 |
| Misc. action | 19 |
| Minimap ping | 15 |
| Assign group | 10 |
| Resource trade | 8 |
| Item give/drop | 5 |
| Esc | 1 |



| Rod of Necromancy | 1 | 150 |
| Ritual Dagger | 2 | 250 |
| Orb of Corruption | 5 | 1875 |
| Boots of Speed | 4 | 1000 |
| Staff of Teleportation | 2 | 300 |
| Circlet of Nobility | 4 | 700 |
| Healing Salve | 1 | 100 |
| total: | 19 | 4375g |
| Acolyte | 9 | 675 | / | 0 |
| Ghoul | 6 | 720 | / | 0 |
| Obsidian Statue | 3 | 600 | / | 105 |
| total: | 18 | 1995g | / | 105w |
| Nerubian Tower | 3 | 300 | / | 60 |
| Spirit Tower | 3 | 435 | / | 120 |
| Crypt | 1 | 200 | / | 50 |
| Altar of Darkness | 1 | 180 | / | 50 |
| Ziggurat | 6 | 900 | / | 300 |
| Graveyard | 1 | 215 | / | 0 |
| Tomb of Relics | 3 | 390 | / | 90 |
| Slaughterhouse | 1 | 140 | / | 135 |
| Sacrificial Pit | 1 | 75 | / | 150 |
| Halls of the Dead | 1 | 320 | / | 210 |
| Black Citadel | 1 | 325 | / | 230 |
| total: | 14 | 2100g | / | 775w |
| 0:02 | Acolyte |
| 0:07 | Crypt |
| 0:09 | Acolyte |
| 0:28 | Altar of Darkness |
| 0:31 | Ziggurat |
| 0:56 | Graveyard |
| 1:09 | Ghoul |
| 1:20 | Tomb of Relics |
| 1:33 | Ghoul |
| 1:50 | Ziggurat |
| 2:01 | Ghoul |
| 2:11 | Nerubian Tower |
| 2:26 | Ghoul |
| 2:31 | Death Coil |
| 2:32 | Rod of Necromancy |
| 2:34 | Ritual Dagger |
| 2:34 | Ritual Dagger |
| 2:58 | Ghoul |
| 3:40 | Boots of Speed |
| 3:42 | Staff of Teleportation |
| 4:31 | Halls of the Dead |
| 4:44 | Ghoul |
| 6:11 | Spirit Tower |
| 6:34 | Ziggurat |
| 6:54 | Unholy Aura |
| 7:55 | Spirit Tower |
| 7:58 | Black Citadel |
| 8:03 | Ziggurat |
| 8:08 | Frost Nova |
| 8:35 | Slaughterhouse |
| 9:07 | Boots of Speed |
| 9:07 | Staff of Teleportation |
| 9:08 | Circlet of Nobility |
| 9:48 | Frost Armor |
| 9:52 | Obsidian Statue |
| 9:52 | Obsidian Statue |
| 10:03 | Ziggurat |
| 10:08 | Healing Salve |
| 10:50 | Tomb of Relics |
| 11:21 | Tomb of Relics |
| 11:23 | Ziggurat |
| 11:31 | Impale |
| 12:13 | Acolyte |
| 12:13 | Acolyte |
| 12:13 | Acolyte |
| 12:46 | Orb of Corruption |
| 12:47 | Orb of Corruption |
| 13:18 | Orb of Corruption |
| 13:42 | Orb of Corruption |
| 13:42 | Orb of Corruption |
| 13:48 | Acolyte |
| 13:48 | Acolyte |
| 14:05 | Boots of Speed |
| 14:05 | Boots of Speed |
| 14:18 | Circlet of Nobility |
| 14:18 | Circlet of Nobility |
| 16:19 | Acolyte |
| 16:19 | Acolyte |
| 16:56 | Death Coil |
| 17:27 | Spiked Carapace |
| 17:31 | Frost Nova |
| 18:26 | Nerubian Tower |
| 18:26 | Spirit Tower |
| 18:52 | Circlet of Nobility |
| 20:21 | Obsidian Statue |
| 20:44 | Impale |
| 22:09 | Unholy Aura |
| 22:17 | Sacrificial Pit |
| 22:21 | Frost Armor |
| Right click | 1566 |
| Select group | 632 |
| Select | 338 |
| Assign group | 314 |
| Build/train/purchase | 88 |
| Misc. action | 85 |
| Use ability | 80 |
| Resource trade | 29 |
| Chat | 7 |
| Item give/drop | 5 |
| Minimap ping | 3 |
178 units @ 26.6k
/ 3.9k
38 buildings @ 6.8k
/ 2.8k

| Dust of Appearance | 1 | 75 |
| Boots of Speed | 1 | 250 |
| total: | 2 | 325g |
| Wisp | 26 | 1560 | / | 0 |
| Archer | 2 | 260 | / | 20 |
| Huntress | 4 | 780 | / | 80 |
| Druid of the Claw | 8 | 2040 | / | 640 |
| Glaive Thrower | 1 | 210 | / | 65 |
| Chimaera | 9 | 2970 | / | 630 |
| Goblin Shredder | 1 | 375 | / | 100 |
| Mur'gul Snarecaster | 1 | 215 | / | 20 |
| Makrura Snapper | 1 | 315 | / | 0 |
| total: | 53 | 8725g | / | 1555w |
| Ancient Protector | 2 | 270 | / | 160 |
| Altar of Elders | 1 | 180 | / | 50 |
| Moon Well | 7 | 1260 | / | 280 |
| Ancient of War | 1 | 150 | / | 60 |
| Hunter's Hall | 1 | 210 | / | 100 |
| Tree of Life | 1 | 340 | / | 185 |
| Ancient of Lore | 2 | 310 | / | 290 |
| Chimaera Roost | 3 | 420 | / | 570 |
| Tree of Ages | 1 | 320 | / | 180 |
| Tree of Eternity | 1 | 330 | / | 200 |
| total: | 18 | 3140g | / | 1695w |
| 0:03 | Wisp |
| 0:03 | Wisp |
| 0:17 | Altar of Elders |
| 0:19 | Wisp |
| 0:25 | Moon Well |
| 0:30 | Wisp |
| 0:50 | Ancient of War |
| 1:03 | Wisp |
| 1:04 | Wisp |
| 1:14 | Wisp |
| 1:29 | Wisp |
| 1:39 | Moon Well |
| 1:55 | Archer |
| 1:58 | Wisp |
| 2:21 | Force of Nature |
| 3:00 | Wisp |
| 3:15 | Tree of Ages |
| 3:18 | Hunter's Hall |
| 4:35 | Huntress |
| 4:48 | Huntress |
| 6:05 | Huntress |
| 6:06 | Wisp |
| 6:06 | Wisp |
| 6:06 | Wisp |
| 6:07 | Wisp |
| 6:07 | Wisp |
| 6:07 | Wisp |
| 6:38 | Boots of Speed |
| 6:39 | Dust of Appearance |
| 6:45 | Huntress |
| 6:48 | Wisp |
| 7:36 | Ancient of Lore |
| 8:04 | Moon Well |
| 8:09 | Ancient Protector |
| 8:47 | Entangling Roots |
| 8:56 | Druid of the Claw Adept Training |
| 9:00 | Goblin Shredder |
| 10:16 | Mur'gul Snarecaster |
| 10:16 | Makrura Snapper |
| 10:21 | Druid of the Claw |
| 10:23 | Tree of Eternity |
| 10:27 | Ancient of Lore |
| 10:43 | Thorns Aura |
| 11:01 | Druid of the Claw |
| 11:09 | Ancient Protector |
| 11:14 | Strength of the Wild |
| 11:18 | Glaive Thrower |
| 11:26 | Moon Well |
| 11:38 | Tree of Life |
| 12:00 | Druid of the Claw |
| 12:01 | Druid of the Claw |
| 12:19 | Reinforced Hides |
| 12:25 | Moon Well |
| 12:44 | Wisp |
| 12:44 | Wisp |
| 12:44 | Wisp |
| 12:54 | Chimaera Roost |
| 13:24 | Druid of the Claw Master Training |
| 13:40 | Chimaera Roost |
| 13:52 | Druid of the Claw |
| 13:58 | Wisp |
| 13:59 | Wisp |
| 13:59 | Wisp |
| 13:59 | Wisp |
| 13:59 | Wisp |
| 14:16 | Corrosive Breath |
| 15:34 | Chimaera |
| 16:19 | Chimaera |
| 16:22 | Druid of the Claw |
| 16:23 | Druid of the Claw |
| 16:29 | Chimaera Roost |
| 16:35 | Moon Well |
| 17:04 | Chimaera |
| 18:02 | Chimaera |
| 18:02 | Chimaera |
| 18:03 | Chimaera |
| 18:04 | Chimaera |
| 18:06 | Improved Reinforced Hides |
| 18:31 | Wisp |
| 18:35 | Druid of the Claw |
| 19:51 | Chimaera |
| 20:58 | Moon Well |
| 22:16 | Chimaera |
| 23:52 | Archer |
| Right click | 746 |
| Select | 438 |
| Misc. action | 127 |
| Build/train/purchase | 77 |
| Use ability | 18 |
| Assign group | 17 |
| Select group | 13 |
| Minimap ping | 7 |
| Esc | 2 |

| Healing Salve | 2 | 200 |
| Scroll of Speed | 2 | 100 |
| Lesser Clarity Potion | 1 | 70 |
| Dust of Appearance | 1 | 75 |
| Scroll of Town Portal | 1 | 350 |
| Circlet of Nobility | 1 | 175 |
| total: | 8 | 970g |
| Peon | 4 | 300 | / | 0 |
| Grunt | 8 | 1600 | / | 0 |
| total: | 12 | 1900g | / | 0w |
| Altar of Storms | 1 | 180 | / | 50 |
| Orc Burrow | 3 | 480 | / | 120 |
| Barracks | 2 | 360 | / | 100 |
| Voodoo Lounge | 1 | 130 | / | 30 |
| War Mill | 1 | 205 | / | 0 |
| Stronghold | 1 | 315 | / | 190 |
| total: | 8 | 1355g | / | 300w |
| 0:08 | Peon |
| 0:08 | Peon |
| 0:19 | Altar of Storms |
| 0:23 | Orc Burrow |
| 0:37 | Barracks |
| 0:41 | Peon |
| 0:57 | Peon |
| 1:41 | Grunt |
| 1:49 | Orc Burrow |
| 1:55 | Grunt |
| 2:03 | Pillage |
| 2:15 | Voodoo Lounge |
| 2:25 | Endurance Aura |
| 2:29 | Grunt |
| 2:45 | Grunt |
| 3:56 | War Mill |
| 4:04 | Circlet of Nobility |
| 4:41 | Stronghold |
| 4:47 | Barracks |
| 5:16 | Grunt |
| 5:19 | Orc Burrow |
| 5:31 | Dust of Appearance |
| 5:51 | Grunt |
| 6:10 | Healing Salve |
| 6:11 | Scroll of Speed |
| 6:31 | Grunt |
| 6:33 | Steel Armor |
| 7:56 | Grunt |
| 7:57 | Berserker Strength |
| 8:01 | Scroll of Town Portal |
| 8:02 | Scroll of Speed |
| 8:03 | Lesser Clarity Potion |
| 8:04 | Healing Salve |
| 8:13 | Steel Melee Weapons |
| Right click | 311 |
| Select | 110 |
| Select group | 50 |
| Build/train/purchase | 31 |
| Misc. action | 12 |
| Assign group | 8 |
| Use ability | 7 |
| Minimap ping | 4 |
| Esc | 2 |
| Item give/drop | 1 |


| Wisp | 17 | 1020 | / | 0 |
| Archer | 39 | 5070 | / | 390 |
| Dryad | 26 | 3770 | / | 1560 |
| Glaive Thrower | 3 | 630 | / | 195 |
| Grunt | 24 | 4800 | / | 0 |
| Peon | 1 | 75 | / | 0 |
| Demolisher | 3 | 660 | / | 150 |
| total: | 113 | 16025g | / | 2295w |
| Moon Well | 6 | 1080 | / | 240 |
| Ancient of War | 1 | 150 | / | 60 |
| Altar of Elders | 1 | 180 | / | 50 |
| Hunter's Hall | 1 | 210 | / | 100 |
| Tree of Life | 1 | 340 | / | 185 |
| Ancient of Lore | 1 | 155 | / | 145 |
| Tree of Ages | 1 | 320 | / | 180 |
| Tree of Eternity | 1 | 330 | / | 200 |
| Orc Burrow | 1 | 160 | / | 40 |
| Fortress | 1 | 325 | / | 190 |
| total: | 12 | 2275g | / | 820w |
| 0:04 | Wisp |
| 0:04 | Wisp |
| 0:05 | Wisp |
| 0:33 | Moon Well |
| 0:38 | Ancient of War |
| 0:49 | Wisp |
| 0:50 | Wisp |
| 1:04 | Altar of Elders |
| 1:09 | Wisp |
| 1:34 | Wisp |
| 1:52 | Archer |
| 1:52 | Archer |
| 1:57 | Moon Well |
| 2:02 | Wisp |
| 2:08 | Archer |
| 2:19 | Moon Well |
| 2:30 | Wisp |
| 2:51 | Archer |
| 3:02 | Hunter's Hall |
| 3:05 | Force of Nature |
| 3:38 | Tree of Ages |
| 3:39 | Archer |
| 4:01 | Archer |
| 4:05 | Strength of the Moon |
| 4:48 | Archer |
| 5:20 | Archer |
| 5:34 | Entangling Roots |
| 5:51 | Archer |
| 5:54 | Moon Well |
| 7:28 | Ancient of Lore |
| 7:36 | Wisp |
| 7:36 | Wisp |
| 7:37 | Wisp |
| 7:48 | Archer |
| 7:49 | Improved Bows |
| 8:26 | Searing Arrows |
| 8:48 | Archer |
| 8:49 | Dryad |
| 8:50 | Dryad |
| 8:51 | Abolish Magic |
| 8:53 | Improved Strength of the Moon |
| 9:05 | Moon Well |
| 9:11 | Dryad |
| 9:19 | Tree of Life |
| 9:46 | Grunt |
| 9:46 | Grunt |
| 9:47 | Grunt |
| 9:47 | Grunt |
| 9:47 | Grunt |
| 9:55 | Strength of the Wild |
| 9:59 | Wisp |
| 9:59 | Wisp |
| 10:00 | Wisp |
| 10:00 | Wisp |
| 10:26 | Archer |
| 10:41 | Steel Melee Weapons |
| 10:42 | Steel Armor |
| 10:46 | Peon |
| 10:55 | Archer |
| 10:57 | Moon Armor |
| 10:59 | Archer |
| 11:01 | Dryad |
| 11:12 | Grunt |
| 11:52 | Trueshot Aura |
| 11:57 | Archer |
| 11:58 | Archer |
| 11:58 | Dryad |
| 12:25 | Grunt |
| 12:28 | Orc Burrow |
| 12:53 | Wisp |
| 12:55 | Glaive Thrower |
| 13:36 | Glaive Thrower |
| 13:36 | Glaive Thrower |
| 13:38 | Vorpal Blades |
| 13:42 | Grunt |
| 13:42 | Grunt |
| 13:43 | Grunt |
| 13:43 | Grunt |
| 13:55 | War Stomp |
| 14:18 | Fortress |
| 15:17 | Grunt |
| 15:18 | Grunt |
| 15:18 | Grunt |
| 15:19 | Archer |
| 15:19 | Archer |
| 15:19 | Archer |
| 15:19 | Archer |
| 15:20 | Archer |
| 15:20 | Dryad |
| 15:20 | Dryad |
| 15:20 | Dryad |
| 15:21 | Dryad |
| 15:21 | Dryad |
| 15:21 | Dryad |
| 15:21 | Dryad |
| 15:58 | Grunt |
| 15:59 | Grunt |
| 16:06 | Force of Nature |
| 16:06 | Force of Nature |
| 17:27 | Grunt |
| 17:28 | Grunt |
| 17:28 | Grunt |
| 17:30 | Archer |
| 17:30 | Archer |
| 17:30 | Archer |
| 17:31 | Archer |
| 17:31 | Dryad |
| 17:32 | Dryad |
| 17:32 | Dryad |
| 17:32 | Dryad |
| 17:32 | Dryad |
| 18:23 | Thorium Melee Weapons |
| 18:32 | Demolisher |
| 18:35 | Archer |
| 18:35 | Archer |
| 18:37 | Dryad |
| 18:37 | Dryad |
| 18:41 | Archer |
| 18:42 | Archer |
| 18:42 | Archer |
| 18:42 | Archer |
| 18:49 | Improved Strength of the Wild |
| 18:50 | Improved Moon Armor |
| 18:50 | Reinforced Hides |
| 18:55 | Burning Oil |
| 19:25 | Tree of Eternity |
| 19:31 | Moon Well |
| 20:52 | Endurance Aura |
| 20:53 | Endurance Aura |
| 21:06 | Grunt |
| 21:06 | Grunt |
| 21:07 | Grunt |
| 21:07 | Grunt |
| 21:07 | Grunt |
| 21:09 | Archer |
| 21:09 | Archer |
| 21:09 | Archer |
| 21:09 | Archer |
| 21:09 | Archer |
| 21:10 | Archer |
| 21:10 | Archer |
| 21:10 | Archer |
| 21:10 | Dryad |
| 21:11 | Dryad |
| 21:11 | Dryad |
| 21:11 | Dryad |
| 21:11 | Dryad |
| 21:11 | Dryad |
| 21:11 | Dryad |
| 21:39 | Demolisher |
| 21:39 | Demolisher |
| 23:34 | Thorium Armor |
| Right click | 683 |
| Select group | 482 |
| Select | 473 |
| Misc. action | 290 |
| Build/train/purchase | 165 |
| Assign group | 36 |
| Use ability | 30 |
| Resource trade | 7 |
| Chat | 4 |
| Minimap ping | 2 |
⇛